 Dungeon Crawl Stone Soup version 0.19-a0-578-g4cfc824 (webtiles) character file.

73 Aksej the Slasher (level 4, -3/33 HPs)
             Began as a Demonspawn Gladiator on June 9, 2016.
             Slain by an ogre
             ... wielding a +0 giant spiked club
              (15 damage)
             ... on level 4 of the Dungeon.
             The game lasted 00:04:50 (2113 turns).

Aksej the Slasher (Demonspawn Gladiator)            Turns: 2113, Time: 00:04:50

Health: -3/33      AC:  6    Str: 16    XL:     4   Next: 8%
Magic:  4/4        EV: 12    Int:  9    God:
Gold:   220        SH:  0    Dex: 14    Spells: 0 memorised, 3 levels left

rFire  . . .     SeeInvis .     a - +1 long sword
rCold  . . .     Gourm    .     b - +1 leather armour
rNeg   . . .     Faith    .     (no shield)
rPois  .         Spirit   .     c - +0 helmet
rElec  .         Dismiss  .     (no cloak)
rCorr  .         Reflect  .     (no gloves)
SustAt .         Harm     .     (no boots)
MR     .....                    (no amulet)
Stlth  +.........               (no ring)
                                (no ring)

@: very slightly contaminated, not resistant to hostile enchantments, very
unstealthy
A: talons 1, powered by death 1, shaggy fur 1
a: no special abilities


You were on level 4 of the Dungeon.
You were not hungry.

You visited 1 branch of the dungeon, and saw 4 of its levels.

You collected 220 gold pieces.

Inventory:

Hand Weapons
 a - a +1 long sword (weapon)
Missiles
 d - 3 throwing nets (quivered)
Armour
 b - a +1 leather armour (worn)
 c - a +0 helmet (worn)
Jewellery
 l - an uncursed amulet of magic regeneration
Scrolls
 j - 3 scrolls of remove curse
Potions
 g - a potion of might
 i - a potion of flight
 k - a potion of cancellation
 m - a potion of lignification
Comestibles
 f - 4 bread rations
 h - a royal jelly
 o - a chunk of flesh


   Skills:
 + Level 2.0 Fighting
 * Level 4.5 Long Blades
 - Level 1.7 Throwing
 + Level 0.0 Armour
 - Level 2.6 Dodging
 + Level 0.0 Stealth


You had 3 spell levels left.
You didn't know any spells.

Dungeon Overview and Level Annotations

Branches:
Dungeon (4/15)
 Temple: D:4-7

Altars:
Ashenzari
Makhleb
Uskayaw


Innate Abilities, Weirdness & Mutations

You have sharp toenails.
You regenerate a little health from kills.
You are covered in fur. (AC +1)


Message History

The ogre barely misses you.
You barely miss the ogre. You claw the ogre.
The ogre is lightly wounded.
The ogre barely misses you.
Some of the chunks of flesh in your inventory have rotted away.
You hit the ogre. You claw the ogre.
The ogre is moderately wounded.
The ogre hits you but does no damage.
You barely miss the ogre. Your kick misses the ogre.
The ogre is moderately wounded.
The ogre barely misses you.
You barely miss the ogre. Your kick misses the ogre.
The ogre is moderately wounded.
The ogre hits you with a giant spiked club!
You barely miss the ogre. You claw the ogre, but do no damage.
The ogre is moderately wounded.
You slash the ogre! You claw the ogre, but do no damage.
The ogre is heavily wounded.
The ogre hits you with a giant spiked club!
You die...

######
#....####+#
#.........#
#....##...#
#....##...+
#....+.@..#
#<...##O..#
#....##...#
#....##...#
#....#....#
#....+....#
#....##...+
###########


You could see an ogre.

Vanquished Creatures
  3 adders (D:2)
  A worm (D:3)
  A dart slug (D:3)
  2 giant geckos (D:1)
  2 ball pythons (D:3)
  6 bats
  2 giant cockroaches
  4 goblins
  5 hobgoblins
  2 jackals (D:2)
  2 giant newts (D:1)
  4 kobolds
  8 rats
42 creatures vanquished.

Notes
Turn   | Place    | Note
--------------------------------------------------------------
     0 | D:1      | Aksej the Demonspawn Gladiator began the quest for the Orb.
     0 | D:1      | Reached XP level 1. HP: 16/16 MP: 1/1
   109 | D:1      | Reached skill level 3 in Long Blades
   200 | D:1      | Gained mutation: You regenerate a little health from kills. [demonic ancestry]
   200 | D:1      | Reached XP level 2. HP: 18/22 MP: 2/2
   587 | D:2      | Found a burning altar of Makhleb.
   690 | D:2      | Reached XP level 3. HP: 27/27 MP: 3/3
   729 | D:2      | Reached skill level 4 in Long Blades
   764 | D:2      | Found a hide-covered altar of Uskayaw.
   764 | D:2      | Noticed a dagger
   765 | D:2      | Noticed a dagger
   997 | D:2      | Found a shattered altar of Ashenzari.
  1038 | D:2      | Gained mutation: You are robust. (+10% HP) [potion of mutation]
  1038 | D:2      | Lost mutation: You are robust. (+10% HP) [potion of mutation]
  1038 | D:2      | Gained mutation: You are covered in fur. (AC +1) [potion of mutation]
  1402 | D:3      | HP: 1/27 [hobgoblin (2)]
  1707 | D:3      | Gained mutation: You have sharp toenails. [demonic ancestry]
  1707 | D:3      | Reached XP level 4. HP: 33/33 MP: 4/4
  2102 | D:4      | Noticed an ogre
  2113 | D:4      | Slain by an ogre

Vault maps used:
D:1:      minmay_arrival_jagged, hex_intersection, kennysheep_decorative_pillar
D:2:      bloody_makhleb, nicolae_overflow_crystal_walls,
          dancing_weapons_uskayaw
D:4:      nemelex_spade_bored_becter

Skill      XL: |  1  2  3 |
---------------+----------+-----
Long Blades    | 3 4 |  4.5
Fighting       | |  2.0
Throwing       | |  1.7
Dodging        | |  2.6

Action                   |  1- 3 |  4- 6 || total
-------------------------+-------+-------++-------
Melee: Long sword        |   108 |    14 ||   122
       Kick              |       |     6 ||     6
  Use: Scroll            |    13 |     3 ||    16
       Potion            |     3 |     1 ||     4
 Stab: Sleeping          |     2 |     1 ||     3
  Eat: Chunk             |     2 |     2 ||     4
Armor: Leather armour    |    38 |     3 ||    41
Dodge: Dodged            |    82 |     7 ||    89
